 Dungeon Crawl Stone Soup version 0.31-a0-1074-g0b22e4e0f1 (webtiles) character file.

Game seed: 11154788078634217024

15017 grandjackal the Fighter (level 12, -2/110 HPs)
             Began as a Ghoul Monk on Nov 30, 2023.
             Was a High Priest of Kikubaaqudgha.
             Slain by an ogre
             ... wielding a +0 giant club
             ... led by an orc high priest
              (10 damage)
             ... on level 1 of the Orcish Mines.
             The game lasted 00:19:17 (15844 turns).

grandjackal the Fighter (Ghoul Monk)               Turns: 15844, Time: 00:19:18

Health: -2/110     AC: 13    Str: 16    XL:     12   Next: 22%
Magic:  11/11      EV:  9    Int: 13    God:    Kikubaaqudgha [*****.]
Gold:   990        SH:  0    Dex: 15    Spells: 0/11 levels left

rFire   + .          .
                       - Unarmed
rCold   + + +        c - orb {light}
rNeg    + + +        I - +0 chain mail {rC+}
rPois   ∞            (no helmet)
rElec   .            (no cloak)
rCorr   .            (no gloves)
SInv    .            r - +1 pair of boots
Will    +....        u - amulet of magic regeneration Stlth
                     H - ring of protection from fire
HPRegen 0.00/turn    q - ring "Liaraxza" {rC+ Will+ Dex+4}
MPRegen 0.52/turn

%: no passive effects
@: spiked, inhibited regen, glowing
A: claws 1, cold resistance 1, negative energy resistance 3, inhibited
regeneration, torment resistance 2, devour on kill
a: Renounce Religion, Unearth Wretches, Torment


You were on level 1 of the Orcish Mines.
You worshipped Kikubaaqudgha.
Kikubaaqudgha was extremely pleased with you.
You visited 3 branches of the dungeon, and saw 15 of its levels.

You collected 990 gold pieces.

Inventory:

Missiles
 t - 3 throwing nets
Armour
 c - an orb of light (worn)
 i - a +0 plate armour
 r - a +1 pair of boots (worn)
 I - a +0 chain mail of cold resistance (worn)
Jewellery
 n - a ring of ice
 q - the ring "Liaraxza" (right claw) {rC+ Will+ Dex+4}
   (You acquired it on level 12 of the Dungeon)

   [ring of protection from cold]

   Dex+4:     It affects your dexterity (+4).
   rC+:       It protects you from cold.
   Will+:     It increases your willpower.
 u - an amulet of magic regeneration (around neck)
 C - a ring of protection from fire
 D - a ring of resist corrosion
 E - an amulet of guardian spirit
 H - a ring of protection from fire (left claw)
Wands
 e - a wand of polymorph (23)
 l - a wand of iceblast (5)
 x - a wand of quicksilver (17)
 G - a wand of flame (21)
Scrolls
 d - a scroll of fog
 g - 4 scrolls of vulnerability
 h - 2 scrolls of immolation {unknown}
 j - 3 scrolls of fear
 k - 3 scrolls of teleportation
 m - a scroll of revelation
 s - 2 scrolls of amnesia {unknown}
 v - 2 scrolls of poison
 y - 2 scrolls of blinking
 z - a scroll of enchant armour
 A - a scroll of enchant weapon
 B - a scroll of brand weapon
Potions
 b - 2 potions of ambrosia
 f - 3 potions of heal wounds
 o - a potion of magic
 p - 4 potions of enlightenment
 w - 6 potions of curing
 F - 2 potions of resistance


   Skills:
 + Level 11.4 Fighting
 + Level 9.0 Armour
 - Level 3.0 Dodging
 + Level 11.3 Unarmed Combat
 + Level 9.6 Necromancy


You couldn't memorise any spells.
You knew the following spells:

 Your Spells              Type           Power      Damage    Failure   Level
a - Vampiric Draining     Necr           24%        2d7       16%         3
b - Animate Dead          Necr           24%        N/A       45%         4
c - Dispel Undead         Necr           24%        3d12      45%         4

Your spell library contained the following spells:

 Spells                   Type           Power      Damage    Failure   Level
 Necrotise                Necr           96%        1d8       4%          1
 Kiss of Death            Conj/Necr      48%        2d9       36%         1
 Cigotuvi's Dreadful Rot  Necr/Pois/Air  16%        N/A       71%         2
 Agony                    Necr           24%        N/A       80%         5
 Sandblast                Erth           0%         2d4       95%         1
 Slow                     Hex            0%         N/A       95%         1
 Sting                    Tmut/Pois      0%         1d3       95%         1
 Blink                    Tloc           0%         N/A       98%         2
 Ensorcelled Hibernation  Hex/Ice        0%         N/A       98%         2
 Passwall                 Tmut/Erth      0%         N/A       98%         2
 Poisonous Vapours        Pois/Air       0%         N/A       98%         2
 Static Discharge         Conj/Air       0%         3-3/arc   98%         2
 Anguish                  Hex/Necr       6%         N/A       98%         4
 Confusing Touch          Hex            0%         N/A       100%        3
 Dazzling Flash           Conj/Hex       0%         N/A       100%        3
 Gell's Gravitas          Tloc           0%         N/A       100%        3
 Inner Flame              Hex/Fire       0%         N/A       100%        3
 Sigil of Binding         Hex            0%         N/A       100%        3
 Stone Arrow              Conj/Erth      0%         3d7       100%        3
 Swiftness                Air            0%         N/A       100%        3
 Teleport Other           Tloc           0%         N/A       100%        3
 Volatile Blastmotes      Fire/Tloc      0%         2d10      100%        3
 Airstrike                Air            0%         2d(0-16)  100%        4
 Brom's Barrelling Bould  Conj/Erth      0%         2d3       100%        4
 Manifold Assault         Tloc           0%         N/A       100%        4
 Olgreb's Toxic Radiance  Pois           0%         N/A       100%        4
 Summon Lightning Spire   Summ/Air       0%         N/A       100%        4
 Borgnjor's Vile Clutch   Necr/Erth      6%         N/A       100%        5
 Yara's Violent Unravell  Hex/Tmut       0%         3d3       100%        5
 Death Channel            Necr           12%        N/A       100%        6
 Dispersal                Tloc           0%         N/A       100%        6
 Starburst                Conj/Fire      0%         6d3       100%        6
 Enfeeble                 Hex            0%         N/A       100%        7
 Maxwell's Capacitive Co  Air            0%         ∞         100%        8


Dungeon Overview and Level Annotations

Branches:
Dungeon (12/15)            Temple (1/1) D:4            Lair (0/5) D:9
    Orc (2/2) D:10
    Elf: Orc:2

Altars:
Ashenzari
Cheibriados
Dithmenos
Fedhas
Gozag
Hepliaklqana
Kikubaaqudgha
Makhleb
Nemelex Xobeh
Okawaru
Qazlal
Ru
Sif Muna
Trog
Uskayaw
Vehumet
Wu Jian
Xom
Yredelemnul

Shops:
D:2 [   D:7 *   D:12 (*

Annotations:
D:9 3 runed translucent doors, PowderKeg's ghost, novice DEHu


Innate Abilities, Weirdness & Mutations

You are immune to poison.
You have sharp fingernails.
Your flesh is cold resistant. (rC+)
You are immune to negative energy. (rN+++)
You do not regenerate when monsters are visible.
You are immune to unholy pain and torment.
You thrive by killing the living.


Message History

You claw the orc high priest!
The orc high priest is lightly wounded.
The orc high priest mumbles some strange prayers to Beogh against you.
Beogh smites you!
You scratch the orc high priest.
The orc high priest is moderately wounded.
The orange demon stings you! The orange demon hits you.
The ogre hits you with a +0 giant club!
The orc high priest prays to Beogh.
You mangle the orc high priest!!
The orc high priest is heavily wounded.
The orange demon stings you! The orange demon closely misses you.
The orc high priest hits you with a +0 trident.
You scratch the orc high priest.
The orc high priest is severely wounded.
The red devil barely misses you. The ogre hits you with a +0 giant club!
The orange demon stings you but does no damage.
The orange demon hits you but does no damage.
You scratch the orc high priest.
The orc high priest is severely wounded.
The orc high priest calls down the wrath of Beogh upon you.
Beogh smites you!
* * * LOW HITPOINT WARNING * * *
The smoke demon gestures at you. Beogh smites you!
* * * LOW HITPOINT WARNING * * *
The red devil hits you with a +0 trident.
* * * LOW HITPOINT WARNING * * *
Barbed spikes become lodged in your body.
The orange demon stings you.
* * * LOW HITPOINT WARNING * * *
The orange demon hits you.
* * * LOW HITPOINT WARNING * * *
Unknown command.
Unknown command.
You scratch the orc high priest but do no damage.
The orc high priest is severely wounded.
The ogre hits you with a +0 giant club!
You die...
Kikubaaqudgha rasps: "You have failed me!
Welcome... oblivion!"

###$. #....
..... #....
..... #...##
#.....
#....###......
#....#.......
##..3......$
#.oOo....#
###4@....#
#4>...##
#......#
#..........#
#...........
.....##......
......# ......
.^....##
#..... ..#...
.....


You could see an orc high priest, an orange demon (summoned), a smoke demon
(summoned), a red devil (summoned), an orc warrior and an ogre.

Vanquished Creatures
  A two-headed ogre (D:8)
  An ugly thing (D:12)
  A cyclops (D:12)
  Maurice (D:7)
  A manticore (D:12)
  Joseph (D:7)
  A gargoyle (D:12)
  2 trolls
  A wraith (D:12)
  22 yaks
  A wyvern (D:10)
  2 wargs
  A steam dragon (D:8)
  Menkaure (D:4)
  4 acid dragons (D:11)
  Duvessa (D:7)
  8 water moccasins
  19 orc warriors
  An ice beast (D:6)
  2 black bears
  2 sky beasts
  4 ogres
  A centaur (D:9)
  2 phantoms
  12 bullfrogs
  2 kobold brigands
  4 scorpions
  4 gnoll sergeants
  6 wights (D:9)
  Dowan (D:7)
  6 killer bees (D:9)
  A troll skeleton (D:11)
  A howler monkey (D:9)
  6 spriggan skeletons (D:11)
  A hound (D:5)
  18 orc priests
  2 jellies
  6 iguanas
  13 orc wizards
  14 gnolls
  9 adders
  2 white imps (D:8)
  4 ufetubi
  5 dart slugs
  A worm (D:3)
  83 orcs
  3 bats
  4 endoplasms
  4 giant cockroaches
  4 goblins
  7 hobgoblins
  3 jackals (D:3)
  3 quokkas
  2 ball pythons
  6 frilled lizards
  9 kobolds
  A rat (D:1)
328 creatures vanquished.

Notes
Turn   | Place    | Note
-------+----------+-------------------------------------------
     0 | D:1      | grandjackal the Ghoul Monk began the quest for the Orb.
     0 | D:1      | Reached XP level 1. HP: 19/19 MP: 0/0
   178 | D:1      | Reached XP level 2. HP: 26/26 MP: 1/1
   665 | D:2      | Found Pielak's Antique Armour Shoppe.
   841 | D:2      | Found a faded altar of an unknown god.
   903 | D:2      | Reached XP level 3. HP: 33/33 MP: 2/2
  1637 | D:3      | Reached skill level 1 in Armour
  1640 | D:3      | Reached XP level 4. HP: 36/40 MP: 3/3
  2015 | D:4      | Identified the +2 mace of Hapt {spect, Fragile rC+ Int+4}
  2148 | D:4      | Reached XP level 5. HP: 46/47 MP: 4/4
  2288 | D:4      | Found a staircase to the Ecumenical Temple.
  2302 | Temple   | Entered the Ecumenical Temple
  2311 | Temple   | Became a worshipper of Kikubaaqudgha
  2311 | Temple   | Reached * piety under Kikubaaqudgha
  2311 | Temple   | Received a gift from Kikubaaqudgha
  2311 | Temple   | Reached ** piety under Kikubaaqudgha
  2317 | Temple   | Learned a level 3 spell: Vampiric Draining
  2356 | D:4      | Noticed an ogre
  2363 | D:4      | Killed an ogre
  2364 | D:4      | Reached skill level 1 in Necromancy
  2489 | D:4      | Noticed a phantom
  2500 | D:4      | Killed a phantom
  2501 | D:4      | Reached XP level 6. HP: 40/55 MP: 5/5
  2556 | D:4      | Noticed Menkaure
  2564 | D:4      | Killed Menkaure
  2565 | D:4      | Reached skill level 5 in Fighting
  2565 | D:4      | Reached skill level 5 in Unarmed Combat
  2811 | D:4      | Reached XP level 7. HP: 59/61 MP: 6/6
  2878 | D:5      | Entered Level 5 of the Dungeon
  3331 | D:5      | Reached XP level 8. HP: 52/70 MP: 7/7
  4314 | D:6      | Reached *** piety under Kikubaaqudgha
  4314 | D:6      | Received a gift from Kikubaaqudgha
  4330 | D:6      | Learned a level 4 spell: Animate Dead
  4814 | D:6      | Found a bloodstained altar of Trog.
  4941 | D:7      | Found Tiudghif's Neck Hole.
  5067 | D:7      | Reached XP level 9. HP: 79/79 MP: 8/8
  5070 | D:7      | Noticed Joseph
  5295 | D:6      | Reached skill level 5 in Armour
  5295 | D:6      | Reached skill level 5 in Necromancy
  5609 | D:7      | Killed Joseph
  5751 | D:7      | Noticed Maurice
  5760 | D:7      | Killed Maurice
  5954 | D:7      | Found a shadowy altar of Dithmenos.
  5956 | D:7      | Found a hazy altar of Hepliaklqana.
  5963 | D:7      | Found a stormy altar of Qazlal.
  5965 | D:7      | Found a snail-covered altar of Cheibriados.
  5968 | D:7      | Found an ornate altar of the Wu Jian Council.
  5972 | D:7      | Found a burning altar of Makhleb.
  5973 | D:7      | Found a broken altar of Ashenzari.
  6127 | D:7      | Noticed Dowan
  6127 | D:7      | Noticed Duvessa
  6148 | D:7      | Killed Duvessa
  6150 | D:7      | Killed Dowan
  6471 | D:8      | Reached XP level 10. HP: 25/90 MP: 9/9
  6804 | D:8      | Reached **** piety under Kikubaaqudgha
  6888 | D:8      | Found a blossoming altar of Fedhas.
  6920 | D:8      | Identified the +5 ring mail of Resonance {Will- Dex+4}
  7109 | D:8      | Noticed a two-headed ogre
  7118 | D:8      | Killed a two-headed ogre
  8004 | D:9      | Found a staircase to the Lair.
  8143 | D:9      | Reached XP level 11. HP: 31/99 MP: 10/10
  8335 | D:9      | Noticed PowderKeg's ghost (novice DEHu)
  8339 | D:9      | Found a runed translucent gate.
  8339 | D:9      | Found a runed translucent gate.
  8341 | D:9      | Found a runed translucent gate.
  8347 | D:9      | Noticed a cyclops
  8830 | D:9      | Reached skill level 10 in Fighting
  9680 | D:8      | Reached skill level 10 in Unarmed Combat
 10298 | D:10     | Entered Level 10 of the Dungeon
 10327 | D:10     | Reached ***** piety under Kikubaaqudgha
 11112 | D:10     | Found a staircase to the Orcish Mines.
 11460 | D:10     | Found an iron altar of Okawaru.
 12927 | D:12     | Found Xoniufom's CLEARANCE SALE!.
 13796 | D:12     | HP: 3/101 [orc warrior/+0 glaive (6)]
 13802 | D:12     | HP: 5/101 [orc warrior/bolt (7)]
 14169 | D:12     | Identified a scroll of acquirement
 14170 | D:12     | Acquired the ring "Liaraxza" {rC+ Will+ Dex+4}
 14174 | D:12     | Found Codacoh's Weapon Shoppe.
 14215 | D:12     | Noticed a cyclops
 14228 | D:12     | Killed a cyclops
 14468 | D:12     | Reached XP level 12. HP: 89/110 MP: 11/11
 15037 | Orc:1    | Entered Level 1 of the Orcish Mines
 15073 | Orc:2    | Entered Level 2 of the Orcish Mines
 15248 | Orc:1    | Learned a level 4 spell: Dispel Undead
 15681 | Orc:1    | Noticed an orc high priest
 15687 | Orc:1    | Noticed a sun demon
 15844 | Orc:1    | Slain by an ogre

Illustrated notes

Levels and vault maps discovered:
D:1:      dpeg_arrival_solitude, layout_basic, minmay_tetromino_s2
D:2:      layout_basic, shapermc_ecumenical_altar_starsandcircs, serial_shops,
          nicolae_shop_dealshenge
D:3:      layout_basic
D:4:      layout_gridville, minmay_temple_entry_ruins, uniq_menkaure
D:5:      minmay_skewed_foursquare, layout_rooms, mainiacjoe_overflow_24_doors,
          dreamdust_wishing_well
D:6:      layout_cave_pools, kennysheep_mini_moat
D:7:      layout_cave_pools, nicolae_overflow_hallway_of_the_gods,
          nicolae_shop_sticking_my_neck_out, uniq_duvessa, uniq_joseph,
          uniq_maurice
D:8:      minmay_razor_zed, layout_loops_ring, lemuel_doored_altar
D:9:      layout_layer_cave, due_lair_maze_entry_diamond, gammafunk_ghost_split,
          reono_crystal_passage
D:10:     layout_roguey, kennysheep_little_box, hiddenorc1_lemuel,
          minmay_misc_feat_columns
D:11:     layout_roguey, hangedman_tell_no_tales
D:12:     layout_basic, serial_shops, nicolae_shop_gibbet_a_chance, special_room
          [special_room_orc], nicolae_shop_clearance
Temple:   nicolae_temple_ecumenical_triangle
Orc:1:    layout_diamond_mine, sword_in_stone
Orc:2:    grunt_orc_cross, layout_caves, mines5_lemuel

Skill      XL: |  1  2  3  4  5  6  7  8  9 10 11 12 |
---------------+-------------------------------------+-----
Dodging        | 3 |  3.0
Fighting       | 4 5 6 7 8 9 11 | 11.4
Armour         | 1 2 3 4 6 7 8 9 |  9.0
Unarmed Combat | 4 5 7 8 9 11 | 11.3
Necromancy     | 1 2 3 4 6 7 9 |  9.6

Action                     |  1- 3 |  4- 6 |  7- 9 | 10-12 || total
---------------------------+-------+-------+-------+-------++-------
  Melee: Unarmed           |    92 |    73 |   370 |   726 ||  1261
  Throw: Dart              |       |       |       |     2 ||     2
 Invoke: Torment           |       |       |       |     1 ||     1
  Evoke: Wand              |       |       |     3 |       ||     3
    Use: Scroll            |       |     3 |     5 |    10 ||    18
         Potion            |       |       |     3 |     1 ||     4
 Armour: Chain mail        |    60 |    51 |   314 |   636 ||  1061
         Ring mail         |     1 |       |       |       ||     1
  Dodge: Dodged            |    39 |    23 |   174 |   278 ||   514

Table legend: (Time is in decaauts)
 A = Elapsed time spent in this place.
 B = Non-inter-level travel time spent in this place.
 C = Inter-level travel time spent in this place.
 D = Time resting spent in this place.
 E = Time spent auto-exploring this place.
 F = Levels seen in this place.
 G = Mean time per level.
                   A        B        C        D        E       F      G
               +--------+--------+--------+--------+--------+-----+--------+
         Total |  15672 |  15214 |    458 |   5268 |   7292 |  15 | 1044.8 |
       Dungeon |  14861 |  14415 |    446 |   4722 |   7259 |  12 | 1238.4 |
        Temple |     18 |     14 |      4 |      0 |      0 |   1 |   18.0 |
  Orcish Mines |    792 |    785 |      7 |    546 |     33 |   2 |  396.0 |
               +--------+--------+--------+--------+--------+-----+--------+

Top non-repeatable levels by time:
     D:9: 2357 daAuts
     D:8: 1880 daAuts
    D:11: 1859 daAuts
    D:12: 1523 daAuts
     D:5: 1368 daAuts
     D:6: 1131 daAuts
     D:7: 1019 daAuts
     D:2: 898 daAuts
    D:10: 875 daAuts
     D:4: 841 daAuts
     D:1: 662 daAuts
   Orc:1: 519 daAuts
     D:3: 443 daAuts
   Orc:2: 273 daAuts
  Temple: 18 daAuts
